 Dungeon Crawl Stone Soup version 0.18-a0-1343-g48c8f86 (webtiles) character file.

126 M4edhros the Insei (level 4, -8/35 HPs)
             Began as a Mummy Monk on Feb 16, 2016.
             Killed from afar by Eustachio (12 damage)
             ... with a wand of flame
             ... on level 4 of the Dungeon.
             The game lasted 00:03:58 (3189 turns).

M4edhros the Insei (Mummy Monk)                     Turns: 3189, Time: 00:03:58

Health: -8/35      AC:  2    Str: 14    XL:     4   Next: 84%
Magic:  4/4        EV: 13    Int:  9    God:
Gold:   140        SH:  0    Dex: 15    Spells: 0 memorised, 3 levels left

rFire  x . .     SeeInvis .       - Unarmed
rCold  + . .     Gourm    .     (no armour)
rNeg   + + +     Faith    .     (no shield)
rPois  ∞         Spirit   .     c - +0 helmet (curse)
rElec  .         Dismiss  .     (no cloak)
rCorr  .         Reflect  .     d - +0 pair of gloves
SustAt .         Harm     .     (no boots)
MR     +....                    (no amulet)
Stlth  ++........               (no ring)
                                i - ring of protection from magic

@: very slightly contaminated, somewhat resistant to hostile enchantments,
unstealthy
A: no food or potions, fire vulnerability, cold resistance 1, negative energy
resistance 3, torment resistance, unbreathing
a: no special abilities


You were on level 4 of the Dungeon.
You were not hungry.

You visited 1 branch of the dungeon, and saw 4 of its levels.

You collected 140 gold pieces.

Inventory:

Armour
 c - a cursed +0 helmet (worn)
 d - a +0 pair of gloves (worn)
Jewellery
 i - a ring of protection from magic (left hand)
Wands
 e - a wand of random effects (16/48)
Scrolls
 a - 4 scrolls of identify
 g - a scroll of random uselessness


   Skills:
 - Level 3.0 Fighting
 - Level 2.4 Dodging
 + Level 3.2 Stealth
 + Level 4.3 Unarmed Combat


You had 3 spell levels left.
You didn't know any spells.

Dungeon Overview and Level Annotations

Branches:
Dungeon (4/15)
 Temple: D:4-7

Altars:
Okawaru

Annotations:
D:3 Terence
D:4 Eustachio


Innate Abilities, Weirdness & Mutations

You do not eat or drink.
Your flesh is vulnerable to fire.
You are immune to poison.
Your flesh is cold resistant.
You are immune to negative energy.
You are immune to unholy pain and torment.
You can survive without breathing.


Message History

You see here a bread ration.
Eustachio the Magnificent comes into view.
He is wielding a rapier.
Read which item? (? for menu, Esc to quit)
Blink to where?
Press: ? - help, Dir - move target cursor You are very lightly contaminated with residual magic.
As you read the scroll labeled DYASIUW RAQUHI, it crumbles to dust.
It was a scroll of blinking.
Read which item? (? for menu, Esc to quit)
As you read the scroll of fog, it crumbles to dust.
The scroll dissolves into smoke.
Read which item? (? for menu, Esc to quit)
As you read the scroll labeled TODAUMA EC CAOGG, it crumbles to dust.
It is a scroll of identify.
Identify which item? (\ to view known items) (? for menu, Esc to quit)
Really abort (and waste the scroll)?
Okay, then.
Eustachio shouts!
Eustachio zaps a wand.
The puff of flame hits you! The fire burns you terribly!
You die...

....... #.. ... #.. ...
#.# ..#######.# #
#+.......#.# #@##########
#........#.# #.......§§§#
#...# #..#.#
#..#.###@#§###.).# +..#l#
#....# #§#a##....###..#.#
##.#.###.#§#.........##.#
#.#.....§...a..........#
#.#######.###.##########
#§#######a# #.#
#.%b.bl...# #.#
########### #.# #.#


You could see Eustachio.

Vanquished Creatures
  A worker ant (D:4)
  4 adders
  3 worms
  4 giant geckos
  An orc (D:3)
  3 ball pythons
  3 giant cockroaches
  5 hobgoblins
  5 kobolds
  4 bats
  10 giant newts
  6 goblins
  9 rats
58 creatures vanquished.

Notes
Turn   | Place    | Note
--------------------------------------------------------------
     0 | D:1      | M4edhros the Mummy Monk began the quest for the Orb.
     0 | D:1      | Reached XP level 1. HP: 18/18 MP: 1/1
   481 | D:1      | Reached XP level 2. HP: 21/24 MP: 2/2
  1587 | D:1      | Reached XP level 3. HP: 18/29 MP: 3/3
  2055 | D:2      | Found an iron altar of Okawaru.
  2433 | D:2      | Reached skill level 4 in Unarmed Combat
  2508 | D:3      | Reached XP level 4. HP: 35/35 MP: 4/4
  2796 | D:3      | Noticed Terence
  3122 | D:4      | Noticed an ogre
  3140 | D:4      | HP: 1/35 [worker ant (6)]
  3177 | D:4      | Noticed Eustachio
  3189 | D:4      | Killed from afar by Eustachio

Vault maps used:
D:1:      sevenhm_arrival_forest_fort_large_2, minmay_misc_feat_pillars,
          grunt_decor_cap
D:2:      nicolae_overflow_crystal_walls
D:3:      uniq_terence
D:4:      kennysheep_mini_moat, serial_shops, nicolae_shop_trees, uniq_eustachio

Action                   |  1- 3 |  4- 6 || total
-------------------------+-------+-------++-------
Melee: Unarmed           |   173 |    46 ||   219
  Use: Scroll            |       |     6 ||     6
 Stab: Sleeping          |     3 |     4 ||     7
